Map: 카이로스 정션 - 래더

Players

Stats - Winner!

  • Race: Protoss Protoss
  • Spawn Location: 5:00

Creator

  • Race: Protoss Protoss
  • Spawn Location: 11:00

Event: IEM Season 13: Katowice (2019)

VOD

Have the link to the VOD?

Description

Time

  • Played on: Feb. 28, 2019, 7:59 a.m.
  • Length: 9:23

All games in this series

Show
View Real Time Build Order
Export as new Build Order

Stats Protoss - Winner!

Build Orders: Phoenix Opening, Zealot Archon 

Get SALT Encoding   

  12  0:00  Probe  
  13  0:12  Probe  
  14  0:19  Pylon  
  14  0:25  Probe  
  15  0:33  Probe  
  15  0:37  Gateway  
  15  0:41  Probe  
  16  0:46  Assimilator  
  17  0:51  Probe  
  17  0:55  Assimilator  
  18  0:59  Probe  
  19  1:07  Gateway, Probe  
  19  1:17  Probe  
  20  1:24  Cybernetics Core  
  21  1:29  Probe  
  22  1:34  Pylon  
  22  1:41  Probe  
  23  1:50  Warp Gate  
  23  1:53  Probe  
  24  2:00  Sentry, Stalker  
  28  2:06  Probe  
  28  2:08  Pylon  
  31  2:30  Sentry  
  31  2:33  Phoenix  
  31  2:38  Sentry  
  31  2:40  Nexus  
  32  2:44  Probe  
  33  2:56  Pylon, Probe  
  34  3:08  Probe  
  34  3:10  Stalker x2  
  39  3:18  Shield Battery  
  39  3:24  Shield Battery  
  39  3:29  Shield Battery  
  39  3:45  Probe  
  39  3:48  Adept, Probe  
  40  3:49  Adept  
  45  3:56  Probe x2  
  47  4:08  Probe  
  48  4:20  Probe x2  
  50  4:24  Forge  
  48  4:32  Probe  
  48  4:35  Adept x2, Probe  
  52  4:38  Protoss Ground Weapons Level 1  
  52  4:44  Probe  
  53  4:45  Probe  
  54  4:54  Phoenix  
  54  4:55  Assimilator  
  54  4:56  Probe  
  54  4:57  Probe  
  54  4:59  Assimilator  
  56  5:02  Pylon  
  56  5:08  Probe  
  56  5:09  Probe  
  56  5:16  Twilight Council  
  56  5:18  Robotics Facility  
  56  5:20  Probe  
  56  5:21  Probe  
  58  5:32  Probe  
  58  5:33  Stalker x2, Probe  
  64  5:38  Shield Battery  
  64  5:39  Shield Battery  
  64  5:45  Gateway  
  64  5:46  Gateway  
  64  5:53  Shield Battery  
  64  5:56  Stalker x2  
  60  6:08  Immortal  
  59  6:13  Protoss Ground Weapons Level 2  
  57  6:19  Stalker  
  57  6:20  Stalker  
  60  6:26  Probe x2  
  60  6:30  Gateway x2  
  62  6:34  Pylon  
  62  6:46  Charge  
  62  6:48  Shield Battery  
  62  6:49  Templar Archives  
  62  6:50  Observer  
  63  7:02  Sentry, Zealot  
  63  7:03  Zealot x2  
  71  7:19  Warp Prism  
  73  7:24  Pylon  
  73  7:29  Gateway  
  73  7:30  Gateway  
  73  7:32  Pylon  
  73  7:36  High Templar x2  
  77  7:40  Archon  
  77  7:46  High Templar  
  77  7:47  Pylon, High Templar  
  77  7:50  Pylon  
  81  7:51  High Templar x2, Archon  
  81  7:56  Archon  
  85  8:09  Zealot  
  85  8:10  Zealot  
  85  8:12  Pylon  
  89  8:22  High Templar x2  
  89  8:26  Zealot x4  
  101  8:28  Archon  
  101  8:32  Zealot x2  
  105  8:44  Nexus  
  105  8:46  Pylon  
  105  8:47  High Templar  
  105  8:48  Zealot x2, High Templar  
  109  8:52  Archon  
  113  8:55  Zealot x2  
  109  9:11  Zealot x4  
  101  9:17  Zealot x2  
Show
View Real Time Build Order
Export as new Build Order

Creator Protoss 

Build Orders: Oracle Opening, Zealot Archon 

Get SALT Encoding   

  12  0:00  Probe  
  13  0:12  Probe  
  14  0:17  Pylon  
  14  0:24  Probe  
  15  0:32  Probe  
  15  0:37  Gateway  
  15  0:40  Probe  
  16  0:45  Assimilator  
  17  0:50  Probe  
  17  0:54  Assimilator  
  18  0:58  Probe  
  19  1:06  Gateway, Probe  
  20  1:17  Probe  
  20  1:24  Cybernetics Core  
  21  1:29  Probe  
  22  1:35  Pylon  
  22  1:41  Probe  
  23  1:53  Probe  
  24  2:01  Warp Gate, Stalker x2  
  28  2:09  Pylon  
  28  2:19  Stargate  
  28  2:32  Adept x2  
  32  2:44  Probe  
  32  2:52  Oracle  
  35  3:17  Nexus  
  35  3:25  Probe  
  36  3:35  Oracle  
  39  3:44  Probe  
  36  3:51  Pylon  
  36  3:54  Sentry  
  38  3:55  Pylon  
  38  3:56  Probe  
  39  4:08  Oracle  
  39  4:09  Probe  
  43  4:21  Probe  
  43  4:23  Stalker, Shield Battery  
  46  4:25  Adept  
  46  4:29  Probe  
  48  4:33  Probe  
  49  4:41  Probe  
  49  4:45  Probe  
  51  4:46  Stalker  
  51  4:48  Stalker  
  55  4:53  Probe  
  55  4:57  Probe  
  57  5:00  Pylon  
  57  5:05  Probe  
  58  5:09  Probe  
  58  5:13  Stalker x2  
  63  5:17  Probe  
  64  5:21  Probe  
  64  5:27  Forge  
  65  5:30  Probe  
  65  5:33  Probe  
  67  5:36  Stalker  
  67  5:37  Stalker  
  67  5:42  Probe  
  72  5:47  Probe  
  73  5:50  Assimilator  
  73  5:52  Assimilator  
  73  5:53  Adept x2  
  73  5:54  Probe  
  70  6:12  Probe x2  
  70  6:16  Protoss Ground Weapons Level 1  
  68  6:20  Probe  
  68  6:24  Probe  
  70  6:27  Twilight Council  
  70  6:28  Probe  
  70  6:36  Probe  
  70  6:38  Gateway x2, Nexus  
  70  6:39  Probe  
  72  6:41  Pylon, Robotics Facility  
  73  6:47  Charge  
  73  6:58  Sentry  
  73  6:59  Gateway  
  73  7:01  Pylon  
  75  7:02  Gateway  
  73  7:10  Templar Archives  
  73  7:14  Gateway  
  73  7:15  Gateway  
  71  7:19  Warp Prism, Shield Battery  
  71  7:20  Zealot  
  71  7:22  Zealot  
  74  7:33  Zealot x2  
  74  7:36  Shield Battery  
  78  7:42  Pylon  
  78  7:46  Photon Cannon  
  78  7:48  Pylon  
  78  7:52  High Templar x2  
  78  7:55  Pylon  
  78  7:56  Archon  
  78  7:57  Probe x3  
  85  8:04  High Templar  
  85  8:05  Zealot x2, High Templar  
  93  8:09  Archon  
  93  8:10  Zealot x2  
  96  8:20  Shield Battery  
  96  8:26  Zealot x2  
  100  8:27  Zealot  
  100  8:29  Zealot  
  100  8:32  High Templar x2  
  108  8:36  Archon  
  108  8:38  Shield Battery  
  108  8:41  Zealot x2  
  112  8:50  Zealot x2  
  112  8:53  Pylon  
  112  8:54  Pylon  
  116  9:07  Zealot x2  
  108  9:11  Zealot x3  
  108  9:13  Zealot x2  

Tags
 
Add a new tag
Caveats
  • Supply blocks, unpowered buildings, or Contaminate may cause inaccurate times.
  • Supply counts are checked every 10 seconds.